 Dungeon Crawl Stone Soup version bcrawl-1.41.1 (webtiles) character file.

Game seed: 2449733581697906417

114095 Grimmash the Sneak (level 4, 0/25 HPs)
             Began as a Skeleton Archaeologist on Apr 18, 2024.
             Slain by a kobold
             ... wielding a +0 quarterstaff of holy wrath
              (4 damage)
             ... on level 3 of the Dungeon.
             The game lasted 00:02:36 (2181 turns).

Grimmash the Sneak (Skeleton Archaeologist)         Turns: 2181, Time: 00:02:37

Health: 0/25       AC: 16    Str: 14 (18) XL:     4   Next: 20%
Magic:  0/6        EV:  5    Int: 13      God:
Gold:   153        SH:  0    Dex:  7      Spells: 5/5 levels left

rFire    . . .     GDR:     19% b - +0 blowgun
rCold    + . .     SeeInvis .   (no shield)
rNeg     + + +     Gourm    .   q - +0 plate armour (curse)
rPois    ∞         Faith    .   d - +1 hat
rElec    .         Spirit   +   m - scarf {repulsion}
rCorr    .         Reflect  .   p - +2 pair of gloves
MR       .....                  e - +1 pair of boots
Stlth    ..........             (no amulet)
HPRegen  0.14/turn              (no ring)
MPRegen  0.10/turn              (no ring)

@: repel missiles
A: no food or potions, cold resistance 1, deterioration 1, negative energy
resistance 3, torment resistance, unbreathing, magic shield, sturdy frame 1,
spell healing
a: no special abilities


You were on level 3 of the Dungeon.
You were not hungry.

You visited 1 branch of the dungeon, and saw 3 of its levels.

You collected 153 gold pieces.

Inventory:

Hand Weapons
 a - a +0 whip
 b - a +0 blowgun (weapon)
Missiles
 f - 4 curare-tipped needles (quivered)
Armour
 d - a +1 hat (worn)
 e - a +1 pair of boots (worn)
 m - a scarf of repulsion (worn)
 p - a +2 pair of gloves (worn)
 q - a cursed +0 plate armour (worn)
Scrolls
 c - a scroll of teleportation {unknown}
 g - 2 scrolls of revelation
 i - 2 scrolls of identify
 j - a scroll of fog {unknown}
 k - a scroll of amnesia {unknown}
 n - a scroll of remove curse {unknown}
 o - a scroll of fear {unknown}
Miscellaneous
 h - a dusty tome


   Skills:
 * Level 1.6 Fighting
 * Level 2.6 Maces & Flails
 * Level 1.0 Armour
 * Level 3.7 Dodging
 + Level 4.0 Stealth
 * Level 1.4 Spellcasting


You had 5 spell levels left.
You didn't know any spells.
Your spell library was empty.

Dungeon Overview and Level Annotations

Branches:
Dungeon (3/12)

Altars:


Innate Abilities, Weirdness & Mutations

You do not eat or drink.
You are immune to poison.
Your flesh is cold resistant. (rC+)
Your body sometimes deteriorates upon taking damage.
You are immune to negative energy. (rN+++)
You are immune to unholy pain and torment.
You can survive without breathing.
When hurt, damage is shared between your health and your magic reserves.
Your movements are slightly less encumbered by armour. (ER -2)
Casting spells heals you.


Message History

Okay, then.
b - a +0 blowgun (weapon)
Firing (i - inventory)
f - 6 curare-tipped needles (quivered)
Press: ? - help, Shift-Dir - straight line, f - kobold
Aim: a kobold, wielding a +0 quarterstaff of holy wrath (heavily wounded)
You shoot a curare-tipped needle.
The curare-tipped needle closely misses the kobold.
The kobold drinks a potion.
The kobold is healed!
No path to travel!
No path to travel!
Firing (i - inventory)
f - 5 curare-tipped needles (quivered)
Press: ? - help, Shift-Dir - straight line, f/p - kobold
Aim: a kobold, wielding a +0 quarterstaff of holy wrath You shoot a curare-tipped needle.
The curare-tipped needle misses the kobold.
The curare-tipped needle closely misses the adder.
The kobold hits you with a +0 quarterstaff of holy wrath.
* * * LOW HITPOINT WARNING * * *
You convulse.
You die...

#.%...# .# ##
#.....#########.##..#
#................)..
#.PP..P..P........P.
#..♣♣♣...♣♣♣..P♣♣♣. ♣
#..P♣ ♣P.P♣ ♣P.P♣ ..♣
#...P♣ ♣..P♣♣♣P.P♣♣♣P.[♣
#.#.P..PP.PP....P...P.P.
#.#.............@KS.....
... P.................P
..# P.P♣♣♣..P♣♣♣...♣ ..#
..$ ♣...♣ P..♣ .# ..
♣P..♣ ..♣ # .P... #..
...... ..# .$P.... ###


You could see an adder and a kobold.

Vanquished Creatures
  A hound (D:2)
  2 oozes
  2 worms
  A dart slug (D:1)
  A leopard gecko (D:1)
  2 giant cockroaches (D:1)
  4 goblins (D:1)
  7 hobgoblins
  4 kobolds
  2 quokkas
  A ball python (D:3)
  A bat (D:1)
  4 frilled lizards
  4 rats (D:1)
36 creatures vanquished.

Notes
Turn   | Place    | Note
-------+----------+-------------------------------------------
     0 | D:1      | Grimmash the Skeleton Archaeologist began the quest for the
                  | Orb.
     0 | D:1      | Reached XP level 1. HP: 12/12 MP: 1/1
   312 | D:1      | Reached XP level 2. HP: 13/16 MP: 1/3
   502 | D:1      | Reached skill level 1 in Spellcasting
  1005 | D:1      | Reached skill level 4 in Stealth
  1012 | D:1      | Reached XP level 3. HP: 12/20 MP: 1/4
  1535 | D:2      | Reached XP level 4. HP: 22/25 MP: 4/6
  2120 | D:3      | Reached skill level 1 in Armour
  2181 | D:3      | Slain by a kobold

Skill      XL: |  1  2  3  4 |
---------------+-------------+-----
Spellcasting   | 1 |  1.4
Stealth        | 4 |  4.0
Maces & Flails | 2 |  2.6
Armour         | 1 |  1.0
Fighting       | |  1.6
Dodging        | |  3.7

Action                   |  1- 3 |  4- 6 || total
-------------------------+-------+-------++-------
Melee: Whip              |   159 |    61 ||   220
 Fire: Blowgun           |       |     2 ||     2
 Stab: Sleeping          |     2 |       ||     2
Armor: Robe              |    26 |       ||    26
       Chain mail        |    53 |    16 ||    69
       Plate armour      |       |     5 ||     5
Dodge: Dodged            |    70 |    17 ||    87
